Cogmind - Beta 15 @@@ ROGUE MODE // 2025.06.26 @ 19:32:17 Player: Demo Result: Destroyed by AG-23199 with Assembled Focal Cannon Performance ------------- Evolutions (4) 2000 Regions Visited (15) 3000 Robots Destroyed (139) 695 Value Destroyed (4159) 4159 Prototype IDs (253) 5060 Alien Tech Used (0) 0 Bonus (5363) 5363 TOTAL SCORE: 20277 Bonus ------- Follower Combat Kills 120 Met Data Miner 300 Used Data Conduit 3000 Destroyed Z-Imprinter 1000 Triggered Deep Caves Wall 500 Exposed GOLEM Chamber 500 Friendly Fire -57 Cogmind --------- Core Integrity 0/850 Matter 19/300 Energy 120/1100 System Corruption 0% Temperature Cool (6) Movement Walking (180) Ox1 Location -6/Deep Caves Parts ------- > --- POWER (1) -------- Zionite Light DM Reactor > --- PROPULSION (4) --- Assembled Alloy Leg Assembled Alloy Leg > --- UTILITY (8) ------ Assembled Nanovents Assembled Nanovents Large Storage Unit Assembled Biocell Array Advanced Visual Processing Unit GOLEM Unit > --- WEAPON (2) ------- Assembled Focal Cannon Assembled Focal Cannon > --- INVENTORY (15) --- Light Angular Momentum Engine Zionite Light DM Reactor Zionite Light DM Reactor Compact Wheel Zionite Biocell (0) Experimental Sensor Array Zionite Weapon Casing Improved Trap Extractor (0/6) XL Autogun Subcomponent Bore Cannon Heavy Rocket Launcher Chainsword Peak State ------------ > --- POWER ------------ Zionite Light DM Reactor > --- PROPULSION ------- Medium Treads Assembled Alloy Leg Assembled Alloy Leg Wheel > --- UTILITY ---------- Assembled Nanovents Large Storage Unit Assembled Biocell Array Advanced Visual Processing Unit Experimental Sensor Array Assembled Alloy Armor GOLEM Unit > --- WEAPON ----------- Assembled Focal Cannon Assembled Focal Cannon > --- INVENTORY -------- Light Angular Momentum Engine Zionite Light DM Reactor Zionite Light DM Reactor Wheel Compact Wheel Zionite Biocell Zionite Biocell Zionite Biocell Zionite Weapon Casing Zionite Light Carapace Improved Trap Extractor XL Autogun Subcomponent Bore Cannon Heavy Rocket Launcher Chainsword [Rating: 111] Favorites ----------- Power Zionite Light DM Reactor Engine Ion Engine Power Core Neutrino Core Reactor Zionite Light DM Reactor Propulsion Wheel Treads Medium Treads Leg Assembled Alloy Leg Wheel Wheel Flight Unit Flying Fortress v7 Utility Improved Signal Interpreter Device Experimental Sensor Array Storage Huge Storage Unit Processor Improved Signal Interpreter Hackware Makeshift Hacking Suite Protection Zionite Weapon Casing Weapon Medium Laser Energy Gun Medium Laser Energy Cannon Assembled Focal Cannon Ballistic Gun Gauss Rifle Ballistic Cannon Advanced Assault Cannon Launcher Heavy Rocket Launcher Special Weapon Plasma Cutter Slashing Weapon Chainsword Special Melee Weapon Improved Datajack Build | -11 -10 -10 -10 -9 -8 -7 -7 -7 -7 -6 -6 -6 -6 -6 -6 ------- Run | Yrd Mat Min Exi Min Mat Fac Low Low Dat Pro Fac Low Low Zio Dee Slots Evolved 8 | . . . . . 4 2 . . . . 2 . . . . Power . | . . . . . . . . . . . . . . . . Propulsion 2 | . . . . . 2 . . . . . . . . . . Utility 6 | . . . . . 2 2 . . . . 2 . . . . Weapon . | . . . . . . . . . . . . . . . . Parts Attached 163 | 8 11 4 3 3 19 36 14 4 5 . 7 18 3 2 26 Power 17 | 1 2 . . . 2 3 1 1 1 . . 3 . . 3 Engine 11 | 1 2 . . . 2 3 1 . . . . 2 . . . Core 3 | . . . . . . . . 1 1 . . 1 . . . Reactor 3 | . . . . . . . . . . . . . . . 3 Propulsion 46 | 2 3 . 1 . 9 12 5 . 2 . 1 7 1 . 3 Treads 20 | 1 . . . . 4 1 5 . 2 . 1 3 . . 3 Leg . | . . . . . . . . . . . . . . . . Wheel 25 | 1 3 . 1 . 5 11 . . . . . 3 1 . . Hover . | . . . . . . . . . . . . . . . . Flight 1 | . . . . . . . . . . . . 1 . . . Utility 58 | 2 2 3 1 . 4 13 5 1 1 . 6 4 1 2 13 Device 16 | 1 . 2 . . . 4 4 1 . . . 1 . . 3 Storage 9 | 1 1 . 1 . . 1 1 . . . . 2 . 1 1 Processor 6 | . 1 . . . . 4 . . . . . . . . 1 Hackware 7 | . . . . . 1 2 . . . . 4 . . . . Protection 20 | . . 1 . . 3 2 . . 1 . 2 1 1 1 8 Artifact . | . . . . . . . . . . . . . . . . Weapon 42 | 3 4 1 1 3 4 8 3 2 1 . . 4 1 . 7 Energy Gun 11 | 2 2 . . 1 1 . . . . . . 2 . . 3 Energy Cannon 2 | . . . . . . 1 1 . . . . . . . . Ballistic Gun 12 | 1 2 1 . . 3 2 . . . . . . 1 . 2 Ballistic Cannon 7 | . . . 1 1 . 4 . . . . . . . . 1 Launcher 5 | . . . . 1 . . 1 1 1 . . 1 . . . Special Weapon 1 | . . . . . . . . . . . . 1 . . . Impact Weapon . | . . . . . . . . . . . . . . . . Slashing Weapon 3 | . . . . . . . 1 1 . . . . . . 1 Piercing Weapon . | . . . . . . . . . . . . . . . . Special Melee Weapon 1 | . . . . . . 1 . . . . . . . . . Unidentified Prototypes 12 | . . 1 . . 2 . . . . . 2 . . . 7 Parts Lost 54 | . 4 . . 1 2 10 8 . 1 . 1 8 . . 19 Power 6 | . 1 . . . . 2 1 . . . . 1 . . 1 Propulsion 22 | . 1 . . . 2 4 3 . 1 . 1 2 . . 8 Utility 15 | . . . . . . 2 2 . . . . 3 . . 8 Weapon 11 | . 2 . . 1 . 2 2 . . . . 2 . . 2 Highest Loss Streak 8 | . 4 . . 1 1 5 8 . 1 . 1 7 . . 6 To Critical Strikes . | . . . . . . . . . . . . . . . . Average Backups 20 | 2 15 24 21 30 30 31 23 22 21 21 20 18 17 17 15 Power . | . . . . . . 1 1 1 1 . . . . . 2 Propulsion 4 | 1 4 7 5 6 6 7 6 5 3 2 2 4 5 6 2 Utility 8 | . 8 11 10 17 15 11 7 7 9 12 11 8 6 6 6 Weapon 5 | . 2 6 5 6 6 8 5 5 5 5 5 4 4 4 4 Tool/Special . | . . . . . . . . . . . . . . . . Unused Backups 62 | 4 2 10 6 2 9 11 1 . 1 1 . 4 4 . 7 Power 8 | . . . . . 1 2 . . . . . . 2 . 3 Propulsion 12 | 4 . 5 . . . 1 . . . 1 . . . . 1 Utility 30 | . 2 4 5 2 4 5 . . . . . 3 2 . 3 Weapon 11 | . . 1 1 . 4 3 1 . . . . 1 . . . Tool/Special 1 | . . . . . . . . . 1 . . . . . . Average Slot Usage (%) 92 | . 99 100 96 85 88 89 97 100 99 100 99 87 100 99 86 Engine 5 | . 13 14 14 14 9 6 6 . . . . 1 6 6 . Reactor 1 | . . . . . . . . . . . . . . . 4 Treads 10 | . 14 14 2 . 12 2 25 30 29 30 25 12 4 . 5 Leg 1 | . . . . . . . . . . . . . . . 5 Wheel 13 | . 14 14 25 28 21 27 4 . . . . 3 21 26 6 Device 8 | . 2 . . . 1 8 13 15 12 15 7 8 20 18 10 Storage 10 | . 14 14 13 14 9 7 7 7 7 7 6 8 13 13 9 Processor 11 | . 11 5 . . . 3 23 23 23 23 14 13 13 13 16 Hackware 2 | . . . . . 7 12 . . . . 19 15 . . . Protection 6 | . . 8 11 . 8 3 . . 2 . 3 5 6 7 9 Energy Gun 4 | . 13 14 15 17 1 . . . . . . . . . 1 Energy Cannon 2 | . . . . . . . 5 6 1 7 6 . . . 4 Ballistic Gun 5 | . 14 14 9 10 16 9 1 . . . . . 5 5 1 Ballistic Cannon 1 | . . . 3 . . 3 5 3 . . 3 . . . . Launcher 1 | . . . . . . . . 3 8 7 1 2 . . 1 Slashing Weapon 1 | . . . . . . . . . 4 . . 5 6 5 1 Peak Build Rating 111 | 7 10 18 16 17 32 43 49 54 57 56 76 88 58 53 111 Average Rating 50 | 5 8 10 13 16 28 40 47 52 53 55 74 73 55 51 85 On Entrance 35 | . 7 10 11 15 17 31 43 49 52 56 56 75 58 53 42 Naked Turns . | . . . . . . . . . . . . . . . . Heaviest Build 231 | 12 88 92 211 211 216 224 231 121 121 113 108 113 113 117 116 Greatest Support 112 | 16 16 10 20 20 30 58 94 94 106 106 112 111 52 52 98 Greatest Overweight (x) 10 | 1 8 9 10 10 10 10 4 1 1 1 1 2 2 2 6 Average Overweight (x) 3 | . 6 8 5 10 8 4 1 1 . . . . 2 2 1 Largest Inventory Capacity 35 | 8 25 25 35 35 35 35 35 25 25 25 25 25 25 25 25 Average Capacity 24 | 7 22 25 26 35 35 35 26 25 25 25 25 21 25 25 17 Most Carried 35 | 8 25 25 35 35 35 35 35 25 25 25 25 25 25 25 25 Average Carried 23 | 2 15 24 24 34 34 34 26 24 24 24 23 20 24 24 16 Final Capacity 35 | 8 25 25 35 35 35 35 25 25 25 25 25 25 25 25 15 Final Carried 35 | 5 25 25 33 35 35 35 25 25 25 25 25 25 25 25 12 Class Distribution -------------------- 22% | Trapper-Mutant 20% | Mutant 19% | Hauler-Mutant 9% | Scavenger-Golem 5% | Hacker-Mutant 5% | Scout 5% | Commander-Mutant 4% | Scavenger-Mutant Dominant Class ---------------- Mutant | -10/Materials Mutant | -10/Mines Commander-Mutant | -10/Exiles Hauler-Mutant | -9/Mines Hauler-Mutant | -8/Materials Hauler-Mutant | -7/Factory Trapper-Mutant | -7/Lower Caves Trapper-Mutant | -7/Lower Caves Trapper-Mutant | -7/Data Miner Trapper-Mutant | -6/Proximity Caves Hacker-Mutant | -6/Factory Hacker-Mutant | -6/Lower Caves Trapper-Mutant | -6/Lower Caves Trapper-Mutant | -6/Zion Scavenger-Golem | -6/Deep Caves Resources | -11 -10 -10 -10 -9 -8 -7 -7 -7 -7 -6 -6 -6 -6 -6 -6 ----------- Run | Yrd Mat Min Exi Min Mat Fac Low Low Dat Pro Fac Low Low Zio Dee Matter Collected 6491 | 286 541 152 211 154 961 1083 335 431 180 272 108 506 62 50 1159 Remotely 145 | . . . . . . 145 . . . . . . . . . Salvage Created 5515 | 171 643 11 145 45 937 935 208 458 155 95 186 541 42 . 943 Parts 305 | 22 46 2 7 3 62 62 5 10 2 4 13 25 3 . 39 Haulers Intercepted 7 | . 2 . . . 4 1 . . . . . . . . . Recyclers Shooed 5 | . . . . . 2 3 . . . . . . . . . Parts Field Recycled 26 | . . . . . . . 12 10 . 3 1 . . . . Retrieved Matter 204 | . . . . . . . 135 37 . 28 4 . . . . Parts Self-Destructed 15 | . . . . . . . . 5 . 1 . 9 . . . Prevented 6 | . . . . . . . 1 4 . 1 . . . . . Kills | -11 -10 -10 -10 -9 -8 -7 -7 -7 -7 -6 -6 -6 -6 -6 -6 ------- Run | Yrd Mat Min Exi Min Mat Fac Low Low Dat Pro Fac Low Low Zio Dee Combat Hostiles Destroyed 142 | . 16 . . 7 17 13 6 7 4 2 3 12 . . 55 Melee 3 | . . . . . . . . . . . . 1 . . 2 Guns 36 | . 14 . . 1 11 5 . . . . . . . . 5 Cannons 18 | . . . . 1 . 8 . 3 . 1 2 1 . . 2 AOE 83 | . 2 . . 5 6 . 6 3 4 1 1 10 . . 45 Classes Destroyed 22 | 2 6 . . 2 4 1 1 1 . 1 . 1 . . 3 Worker 14 | . 1 . . . 5 5 . . . . 3 . . . . Builder 7 | . . . . . 2 3 . . . . 2 . . . . Tunneler 7 | 5 1 1 . . . . . . . . . . . . . Hauler 7 | . 2 . . . 4 1 . . . . . . . . . Recycler 6 | 1 . . . . 1 4 . . . . . . . . . Minesweeper 2 | . . . . . . . . 1 . . . 1 . . . Operator 1 | . 1 . . . . . . . . . . . . . . Drone 2 | . . . . . . . . . . 2 . . . . . Watcher 4 | . 2 . . . 1 . . . . . 1 . . . . Swarmer 21 | . 6 . . 1 7 3 . . . . . 4 . . . Grunt 33 | . 10 . . . 4 2 2 7 . . 3 5 . . . Brawler 1 | . . . . . . . . . . . . 1 . . . Duelist 2 | . . . . . 1 . . . . . . 1 . . . Sentry 9 | . . . . . 4 4 . . . . . 1 . . . Demolisher 1 | . . . . 1 . . . . . . . . . . . Hunter 2 | . . . . . 1 1 . . . . . . . . . Programmer 3 | . . . . . . 3 . . . . . . . . . Enhanced Grunt 4 | . . . . . . . . . 4 . . . . . . Z-Technician 5 | . . . . . . . . . . . . . . . 5 Z-Light 6 | . . . . . . . . . . . . . . . 6 Decomposer 5 | . . . . . . . . 3 . . . 2 . . . Samaritan 7 | . . . . . . . 1 . . 1 . 4 1 . . Assembler 2 | . . . . . . . . . . . . . . . 2 Assembled 53 | . . . . 5 . . . . . . . . . . 48 Golem 1 | . . . . . . . . . . . . . . . 1 Thug 1 | . . . . . . . 1 . . . . . . . . Butcher 3 | . . . . . . . 3 . . . . . . . . Best Kill Streak 38 | 6 3 1 . 5 7 3 4 4 3 1 4 8 . . 38 Combat Bots Only 37 | . 3 . . 5 5 3 4 4 3 1 3 8 . . 37 Max Kills in Single Turn 7 | 2 2 1 . 2 2 2 1 1 1 1 2 3 1 . 7 Gunslinging 1 | . 1 . . . . . . . . . . . . . 1 Exploded 7 | . 2 . . 2 2 . 1 1 1 1 1 3 . . 7 Melee 1 | . . . . . . . . . . . . 1 . . 1 Uniques/NPCs Destroyed 2 | . . . . . . . . . 1 . . . . . 1 Data Miner (-7/Data Miner) Z-Imprinter (-6/Deep Caves) Combat | -11 -10 -10 -10 -9 -8 -7 -7 -7 -7 -6 -6 -6 -6 -6 -6 -------- Run | Yrd Mat Min Exi Min Mat Fac Low Low Dat Pro Fac Low Low Zio Dee Hostile Shots Fired 776 | . 55 . . 20 86 209 35 14 12 . 5 125 3 . 212 Missed 224 | . 14 . . 3 29 62 7 4 3 . 2 41 . . 59 Hits 552 | . 41 . . 17 57 147 28 10 9 . 3 84 3 . 153 Melee 16 | . . . . . . . 13 . . . . . . . 3 Projectile 536 | . 41 . . 17 57 147 15 10 9 . 3 84 3 . 150 Critical Strikes 13 | . . . . . 1 2 3 1 . . . 4 . . 2 Part Disruptions 2 | . . . . . . 1 . . 1 . . . . . . Damage Taken 11727 | . 632 . . 283 748 1560 1159 166 395 34 487 1208 34 . 5021 Core 1581 | . 136 . . 55 102 160 225 36 . . 18 119 . . 730 Absorbed by Shields . | . . . . . . . . . . . . . . . . Redirected to Shielding 594 | . . . . . . . . . . . . 15 . . 579 Ignored by Resistances 387 | . . . . . . . 38 . . . . 70 . . 279 Core Remaining (%) 60 | 100 . . . 23 81 . . . . 39 . . . . . Volleys Fired 498 | 6 72 5 29 11 87 90 18 21 14 6 18 10 1 . 110 Largest 2 | 2 2 2 2 2 2 2 2 2 2 2 2 2 1 . 2 Hottest 109 | 70 70 70 70 106 76 88 92 109 72 108 109 69 28 . 88 Shots Fired 832 | 12 139 7 37 14 164 160 30 29 28 9 21 17 1 . 164 Gun 526 | 12 139 7 34 6 154 92 9 . . . . . 1 . 72 Cannon 183 | . . . 3 1 . 68 6 19 . 7 21 2 . . 56 Launcher 123 | . . . . 7 10 . 15 10 28 2 . 15 . . 36 Special . | . . . . . . . . . . . . . . . . Kinetic 484 | 6 72 3 11 2 149 151 10 4 . . 3 . 1 . 72 Thermal 139 | 1 67 4 8 4 5 . . . . . . . . . 50 Explosive 123 | . . . . 7 10 . 15 10 28 2 . 15 . . 36 Electromagnetic 80 | 5 . . 18 1 . 9 5 15 . 7 18 2 . . . Phasic 6 | . . . . . . . . . . . . . . . 6 Robot Hit Streak 26 | 3 9 2 14 17 11 14 13 26 8 5 12 10 . . 9 Robot Miss Streak 6 | 1 5 6 1 3 5 3 2 1 2 5 1 1 1 . 4 Penetration Max 1 | . . . . . . . . . . . . . . . 1 Secondary Targets 4 | . 3 . . . . . . . . . . . . . 1 Max Gunslinging Chain 1 | . 1 . . . . . . . . . . . . . 1 Shots Hit Robots 538 | 6 81 2 17 7 97 96 23 34 17 5 16 24 2 . 111 Core Hits 390 | 6 44 1 8 14 51 37 16 15 25 2 12 26 . . 133 Critical Kills 5 | . . . . . 1 . . . . . . . . . 4 Critical Parts Destroyed 1 | . . . . . . . . . . . . . . . 1 Critical Strikes 17 | 1 2 . 1 . 3 2 . 1 . . . . . . 7 Burn 6 | 1 2 . 1 . 2 . . . . . . . . . . Destroy 8 | . . . . . 1 . . . . . . . . . 7 Blast 3 | . . . . . . 2 . 1 . . . . . . . Melee Attacks 105 | . . . . . . . 17 8 1 . . 14 5 . 60 Impact . | . . . . . . . . . . . . . . . . Slashing 105 | . . . . . . . 17 8 1 . . 14 5 . 60 Piercing . | . . . . . . . . . . . . . . . . Sneak Attacks 18 | . . . . . . . . . 1 . . 10 2 . 5 Combat Hostiles . | . . . . . . . . . . . . . . . . Follow-up Attacks 5 | . . . . . . . . . . . . . . . 5 Damage Inflicted 23497 | 86 972 26 193 411 2432 2214 1190 1770 1564 253 1313 2203 156 . 8714 Guns 4258 | 86 787 26 193 24 1457 990 138 . . . . . . . 557 Cannons 3976 | . . . . 24 . 1224 93 497 . 145 486 26 . . 1481 Explosions 11435 | . 185 . . 363 975 . 959 735 1495 108 827 1265 . . 4523 Melee 3828 | . . . . . . . . 538 69 . . 912 156 . 2153 Ramming . | . . . . . . . . . . . . . . . . Kinetic 4648 | 10 322 26 24 34 1385 2052 138 77 . . 57 . . . 523 Thermal 3236 | 13 465 . 51 14 72 . 142 . . 33 642 . . . 1804 Explosive 10227 | . 185 . . 363 975 . 817 735 1495 75 185 1265 . . 4132 Electromagnetic 1456 | 63 . . 118 . . 162 93 420 . 145 429 26 . . . Impact . | . . . . . . . . . . . . . . . . Slashing 3828 | . . . . . . . . 538 69 . . 912 156 . 2153 Piercing . | . . . . . . . . . . . . . . . . Phasic 102 | . . . . . . . . . . . . . . . 102 Highest Corruption 5 | . . . . . . 5 5 5 5 5 . . 1 1 . Average Corruption 4 | . . . . . . 4 5 5 5 5 . . 1 1 . Corruption Purged . | . . . . . . . . . . . . . . . . Corruption Blocked . | . . . . . . . . . . . . . . . . Effects 105 | . . . . . . 13 24 39 9 16 . . 4 . . Message Errors 33 | . . . . . . 3 5 14 4 4 . . 3 . . Matter Fused 20 | . . . . . . 4 2 7 3 4 . . . . . Heat Flow Errors 16 | . . . . . . 1 5 8 . 2 . . . . . Energy Discharges 10 | . . . . . . . 7 2 . 1 . . . . . Parts Rejected 1 | . . . . . . . 1 . . . . . . . . Data Loss (minor) 13 | . . . . . . 3 2 3 2 2 . . 1 . . Data Loss (major) 3 | . . . . . . . . 2 . 1 . . . . . Misfires 4 | . . . . . . 2 1 . . 1 . . . . . Alerts 5 | . . . . . . . 1 3 . 1 . . . . . Overload Shots . | . . . . . . . . . . . . . . . . Overflow Damage 2102 | . 27 . . . 11 105 60 303 24 71 131 540 105 . 725 Projectiles 286 | . . . . . . 105 . 33 . 61 22 . . . 65 Explosions 610 | . 27 . . . 11 . 60 55 24 10 109 31 . . 283 Melee 1206 | . . . . . . . . 215 . . . 509 105 . 377 Knockbacks 8 | . . . . . . 8 . . . . . . . . . Impact . | . . . . . . . . . . . . . . . . Kinetic 8 | . . . . . . 8 . . . . . . . . . Secondary . | . . . . . . . . . . . . . . . . Self-Inflicted Damage 1236 | . 180 . . 62 34 . 384 . . 35 432 . . . 109 Shots 27 | . 2 . . 2 1 . 10 . . 2 7 . . . 3 Rammed . | . . . . . . . . . . . . . . . . Targets Rammed . | . . . . . . . . . . . . . . . . Kicked . | . . . . . . . . . . . . . . . . Crushed . | . . . . . . . . . . . . . . . . Highest Temperature 257 | 20 80 18 90 61 34 164 257 234 144 111 138 55 . . 160 Average Temperature 39 | 8 27 10 35 28 8 46 75 78 66 32 37 34 . . 34 Received Heat Transfer 1996 | . 186 . . 20 198 312 135 108 . . 27 198 20 . 792 Siege Activations . | . . . . . . . . . . . . . . . . Martial Activations . | . . . . . . . . . . . . . . . . Shielding Activations . | . . . . . . . . . . . . . . . . Robots Disrupted . | . . . . . . . . . . . . . . . . Combat Hostiles . | . . . . . . . . . . . . . . . . Robots Corrupted 1 | . . . . . . . . 1 . . . . . . . Combat Hostiles 1 | . . . . . . . . 1 . . . . . . . Parts Fried 8 | . . . . . . . 2 1 . 1 4 . . . . Impact Corruptions . | . . . . . . . . . . . . . . . . Robots Melted . | . . . . . . . . . . . . . . . . Combat Hostiles . | . . . . . . . . . . . . . . . . Parts Melted 7 | . 2 . 1 . 3 . . 1 . . . . . . . Heat Transferred 3727 | 111 1399 . 222 37 333 . 150 . . 50 500 . . . 925 Parts Sabotaged . | . . . . . . . . . . . . . . . . Parts Stolen . | . . . . . . . . . . . . . . . . Parts Stripped . | . . . . . . . . . . . . . . . . Power Chain Reactions 3 | . . . . . . . 1 . . 1 1 . . . . Alert | -11 -10 -10 -10 -9 -8 -7 -7 -7 -7 -6 -6 -6 -6 -6 -6 ------- Run | Yrd Mat Min Exi Min Mat Fac Low Low Dat Pro Fac Low Low Zio Dee Maximum Alert Level 2 | . . . . . . . . . . . 2 . . . . Low Security (%) 93 | 100 100 100 . 100 100 100 . . . . . . . . . Level 1 5 | . . . . . . . . . . . 83 . . . . Level 2 1 | . . . . . . . . . . . 16 . . . . Level 3 . | . . . . . . . . . . . . . . . . Level 4 . | . . . . . . . . . . . . . . . . Level 5 . | . . . . . . . . . . . . . . . . High Security . | . . . . . . . . . . . . . . . . Max Security . | . . . . . . . . . . . . . . . . Peak Influence 440 | 20 122 16 . 60 189 103 . . . . 440 . . . . Initial 300 | . . 16 . . 10 67 . . . . 300 . . . . Average 55 | 5 53 . . 8 71 40 . . . . 326 . . . . Influence Increases 3179 | 30 582 5 . 128 707 537 65 160 20 15 600 330 . . . Destroy 0b10 Robot/C 1520 | . 320 . . 40 400 260 40 140 20 . 60 240 . . . Destroy 0b10 Robot/NC 260 | 30 35 5 . . 65 65 . 10 . 15 30 5 . . . Destroy Leader 340 | . 78 . . 20 100 100 10 10 . . 12 10 . . . Allied During Kill 16 | . . . . . 16 . . . . . . . . . . Successful Hack 77 | . 21 . . . 13 38 . . . . 5 . . . . Disable Machine 210 | . 30 . . . . 45 . . . . 135 . . . . Destroy Structure 231 | . 53 . . 38 68 14 . . . . 58 . . . . Advance Influence 300 | . . . . . . . . . . . 300 . . . . Lose Combat Pursuer 225 | . 45 . . 30 45 15 15 . . . . 75 . . . Influence Decreases 3179 | 30 540 47 . 100 585 620 132 160 20 15 280 650 . . . Entered New Map 272 | . . 26 . . 18 83 26 . . . . 119 . . . Time Decay 2608 | 30 500 21 . 100 507 486 76 160 20 15 270 423 . . . Lost Part 231 | . 40 . . . 20 51 30 . . . 10 80 . . . Lost Ally 68 | . . . . . 40 . . . . . . 28 . . . Squads Dispatched 13 | . 3 1 . . 2 5 . . . . 2 . . . . Investigation 4 | . 1 1 . . 1 . . . . . 1 . . . . Extermination 5 | . . . . . . 4 . . . . 1 . . . . Reinforcement 4 | . 2 . . . 1 1 . . . . . . . . . Assault . | . . . . . . . . . . . . . . . . Garrison . | . . . . . . . . . . . . . . . . Intercept . | . . . . . . . . . . . . . . . . Searches Triggered . | . . . . . . . . . . . . . . . . Construction Impeded . | . . . . . . . . . . . . . . . . Haulers Reinforced . | . . . . . . . . . . . . . . . . Active Scanning Responses . | . . . . . . . . . . . . . . . . Cargo Convoy Interrupts . | . . . . . . . . . . . . . . . . Stealth | -11 -10 -10 -10 -9 -8 -7 -7 -7 -7 -6 -6 -6 -6 -6 -6 --------- Run | Yrd Mat Min Exi Min Mat Fac Low Low Dat Pro Fac Low Low Zio Dee Distress Signals 4 | . 1 . . . 3 . . . . . . . . . . Communications Jammed 1 | . . . . . . 1 . . . . . . . . . Distress Signals . | . . . . . . . . . . . . . . . . Times Spotted 208 | . 30 . . 12 37 20 7 5 4 2 8 15 1 . 67 Peak Tracking Total 34 | . 3 . . 5 9 2 4 4 3 2 3 10 1 . 34 Tactical Retreats 27 | . 2 . . 1 2 1 1 . . . . 4 1 . 15 Traps | -11 -10 -10 -10 -9 -8 -7 -7 -7 -7 -6 -6 -6 -6 -6 -6 ------- Run | Yrd Mat Min Exi Min Mat Fac Low Low Dat Pro Fac Low Low Zio Dee Traps Triggered 6 | . 4 . . . 1 1 . . . . . . . . . Indirectly . | . . . . . . . . . . . . . . . . Trap Hack Attempts 40 | . . . . . . 40 . . . . . . . . . Triggered . | . . . . . . . . . . . . . . . . Disarmed . | . . . . . . . . . . . . . . . . Reprogrammed 6 | . . . . . . 6 . . . . . . . . . Reused 14 | . . . . . . . . . . . . . . . 14 Traps Extracted 18 | . . . . . . 6 2 4 . . . . . . 6 Installed 21 | . . . . . . . . . . . . . . . 21 Triggered . | . . . . . . . . . . . . . . . . Most Traps Carried 16 | . . . . . . 6 8 12 12 12 12 16 16 16 15 Objects Rigged 3 | . . . . . . . . . . . 3 . . . . Exploded 1 | . . . . . . . . . . . 1 . . . . Machines | -11 -10 -10 -10 -9 -8 -7 -7 -7 -7 -6 -6 -6 -6 -6 -6 ---------- Run | Yrd Mat Min Exi Min Mat Fac Low Low Dat Pro Fac Low Low Zio Dee Machines Disabled 18 | . 2 . . . . 3 . . . . 9 . 1 . 3 Max in Single Turn 3 | . 1 . . . . 1 . . . . 3 . 1 . 1 Garrison Access 2 | . . . . . 1 1 . . . . . . . . . Machines Repaired . | . . . . . . . . . . . . . . . . Machines Dismantled . | . . . . . . . . . . . . . . . . Machines Sabotaged . | . . . . . . . . . . . . . . . . Overloaded Fab Kills . | . . . . . . . . . . . . . . . . Hacking | -11 -10 -10 -10 -9 -8 -7 -7 -7 -7 -6 -6 -6 -6 -6 -6 --------- Run | Yrd Mat Min Exi Min Mat Fac Low Low Dat Pro Fac Low Low Zio Dee Machines Accessed 35 | . 6 1 2 . 7 10 . . 4 . 4 . 1 . . Terminals 16 | . 5 . . . 4 5 . . . . 1 . 1 . . Fabricators 3 | . . . . . . 2 . . . . 1 . . . . Repair Stations . | . . . . . . . . . . . . . . . . Recycling Units 6 | . 1 . . . 1 2 . . . . 2 . . . . Scanalyzers 1 | . . . . . 1 . . . . . . . . . . Garrison Access 2 | . . . . . 1 1 . . . . . . . . . Total Hacks 138 | . 18 1 6 . 17 37 . . 28 . 29 . 2 . . Successful 104 | . 9 1 6 . 11 22 . . 28 . 25 . 2 . . Failed 31 | . 9 . . . 5 14 . . . . 3 . . . . Catastrophic 5 | . 1 . . . 1 3 . . . . . . . . . Database Lockouts 3 | . . . . . 1 1 . . . . 1 . . . . Manual 80 | . 13 . 1 . 13 24 . . . . 25 . . 4 . Terminals 67 | . 13 . . . 10 24 . . . . 18 . 2 . . Fabricators 6 | . . . . . . 2 . . . . 4 . . . . Repair Stations . | . . . . . . . . . . . . . . . . Recycling Units 26 | . 5 . . . 4 10 . . . . 7 . . . . Scanalyzers 2 | . . . . . 2 . . . . . . . . . . Garrison Access 2 | . . . . . 1 1 . . . . . . . . . Terminal Hacks 56 | . 1 1 6 . 1 9 . . 28 . 8 . 2 . . Record 18 | . . . 5 . . . . . 11 . . . 2 . . Part Schematic 10 | . . . . . 1 1 . . 8 . . . . . . Robot Schematic 7 | . . . . . . . . . 6 . 1 . . . . Robot Analysis 1 | . . . . . . 1 . . . . . . . . . Prototype ID Bank 3 | . . . . . . . . . 3 . . . . . . Open Door 1 | . . 1 . . . . . . . . . . . . . Branch Access Points 2 | . . . . . . 1 . . . . 1 . . . . Emergency Access Points 1 | . . . . . . . . . . . 1 . . . . Terminal Index 1 | . . . . . . 1 . . . . . . . . . Fabricator Index 1 | . . . . . . 1 . . . . . . . . . Alert Level 1 | . . . . . . 1 . . . . . . . . . Locate Traps 3 | . 1 . . . . 1 . . . . 1 . . . . Transport Status 1 | . . . . . . 1 . . . . . . . . . Hauler Manifests 1 | . . . . . . . . . . . 1 . . . . Registered Components 1 | . . . . . . . . . . . 1 . . . . Registered Prototypes 1 | . . . . . . . . . . . 1 . . . . Zone Layout 2 | . . . . . . 1 . . . . 1 . . . . Proto ID Catalog 1 | . . . 1 . . . . . . . . . . . . Fabricator Hacks 4 | . . . . . . 1 . . . . 3 . . . . Network Status 1 | . . . . . . . . . . . 1 . . . . Load Schematic 1 | . . . . . . . . . . . 1 . . . . Build 2 | . . . . . . 1 . . . . 1 . . . . Repair Station Hacks . | . . . . . . . . . . . . . . . . Recycling Unit Hacks 5 | . 1 . . . . 2 . . . . 2 . . . . Retrieve Components 5 | . 1 . . . . 2 . . . . 2 . . . . Scanalyzer 2 | . . . . . 2 . . . . . . . . . . Insert Component 1 | . . . . . 1 . . . . . . . . . . Analyze 1 | . . . . . 1 . . . . . . . . . . Garrison Access Hacks 2 | . . . . . 1 1 . . . . . . . . . Seal Access 2 | . . . . . 1 1 . . . . . . . . . Unauthorized Hacks 35 | . 7 . . . 7 9 . . . . 12 . . . . Terminals 17 | . 3 . . . 4 4 . . . . 6 . . . . Track 1 | . . . . . . . . . . . 1 . . . . Assimilate 1 | . . . . . . . . . . . 1 . . . . Botnet 11 | . 3 . . . 4 3 . . . . 1 . . . . Detonate 1 | . . . . . . . . . . . 1 . . . . Disrupt 1 | . . . . . . . . . . . 1 . . . . Operators 2 | . . . . . . 1 . . . . 1 . . . . Fabricators 1 | . . . . . . . . . . . 1 . . . . Fabnet 1 | . . . . . . . . . . . 1 . . . . Repair Stations . | . . . . . . . . . . . . . . . . Recycling Units 17 | . 4 . . . 3 5 . . . . 5 . . . . Monitor 4 | . 1 . . . 1 1 . . . . 1 . . . . Reject 4 | . 1 . . . 1 1 . . . . 1 . . . . Recyclers 4 | . 1 . . . 1 1 . . . . 1 . . . . Mask 5 | . 1 . . . . 2 . . . . 2 . . . . Scanalyzers . | . . . . . . . . . . . . . . . . Garrison Access . | . . . . . . . . . . . . . . . . Data Cores Recovered . | . . . . . . . . . . . . . . . . Used . | . . . . . . . . . . . . . . . . Hacking Detections 22 | . 6 . . . 6 7 . . . . 2 . 1 . . Full Trace Events 2 | . . . . . 1 . . . . . 1 . . . . Feedback Events . | . . . . . . . . . . . . . . . . Feedback Blocked . | . . . . . . . . . . . . . . . . Robot Schematics Acquired 8 | . . . . . . . . . 6 . 1 . . 1 . Robots Built . | . . . . . . . . . . . . . . . . Authchips . | . . . . . . . . . . . . . . . . Time 76 | . . . . . . . . . . . 76 . . . . Total Robot Build Rating . | . . . . . . . . . . . . . . . . Part Schematics Acquired 25 | . . . . . 2 1 . . 8 . . . . 14 . Parts Built 2 | . . . . . . 2 . . . . . . . . . Authchips . | . . . . . . . . . . . . . . . . Time 84 | . . . . . . 84 . . . . . . . . . Total Part Build Rating 8 | . . . . . . 8 . . . . . . . . . Parts Repaired . | . . . . . . . . . . . . . . . . Time . | . . . . . . . . . . . . . . . . Parts Recycled . | . . . . . . . . . . . . . . . . Recycled Matter . | . . . . . . . . . . . . . . . . Retrieved Matter . | . . . . . . . . . . . . . . . . Retrieved Components 24 | . 2 . . . . 19 . . . . 3 . . . . Parts Scanalyzed 1 | . . . . . 1 . . . . . . . . . . Part Schematics Acquired 1 | . . . . . 1 . . . . . . . . . . Parts Damaged . | . . . . . . . . . . . . . . . . Bothacking | -11 -10 -10 -10 -9 -8 -7 -7 -7 -7 -6 -6 -6 -6 -6 -6 ------------ Run | Yrd Mat Min Exi Min Mat Fac Low Low Dat Pro Fac Low Low Zio Dee Used RIF Installer . | . . . . . . . . . . . . . . . . Robots Hacked . | . . . . . . . . . . . . . . . . Non-combat . | . . . . . . . . . . . . . . . . Combat . | . . . . . . . . . . . . . . . . Robot Hacks Applied . | . . . . . . . . . . . . . . . . Relay Couplers Released . | . . . . . . . . . . . . . . . . Fabnet Peak Effective % . | . . . . . . . . . . . . . . . . Robots Rewired 8 | . . . 2 . . . . . . . . 2 4 . . Allies Hacked . | . . . . . . . . . . . . . . . . Hacks Repelled . | . . . . . . . . . . . . . . . . Allies | -11 -10 -10 -10 -9 -8 -7 -7 -7 -7 -6 -6 -6 -6 -6 -6 -------- Run | Yrd Mat Min Exi Min Mat Fac Low Low Dat Pro Fac Low Low Zio Dee Total Allies 13 | . . 3 2 2 . . . . . . . 2 4 . . Largest Group 5 | . . 3 5 5 2 . . . . . . 2 3 2 2 Highest-Rated Group 87 | . . 40 69 69 46 . . . . . . 49 87 58 58 Highest-Rated Ally 31 | . . 16 21 31 31 . . . . . . 29 29 29 29 Total Orders 4 | . . . . 2 . . . . . . . . . . 2 ROAM 1 | . . . . 1 . . . . . . . . . . . GUARD 3 | . . . . 1 . . . . . . . . . . 2 Ally Attacks 51 | . . . . 9 9 . . . . . . . 13 . 20 Total Damage 610 | . . . . 141 147 . . . . . . . 152 . 170 Kills 5 | . . . . . 3 . . . . . . . 1 . 1 Allies Corrupted . | . . . . . . . . . . . . . . . . Allies Melted 1 | . . . . . . . . . . . . 1 . . . Intel | -11 -10 -10 -10 -9 -8 -7 -7 -7 -7 -6 -6 -6 -6 -6 -6 ------- Run | Yrd Mat Min Exi Min Mat Fac Low Low Dat Pro Fac Low Low Zio Dee Active Infowar (turns) 20047 | 39 1890 706 . . 278 1891 929 1711 301 604 583 1362 1013 1371 7369 Optics 7369 | . . . . . . . . . . . . . . . 7369 Sensors 13284 | . . . . . . . 929 1711 301 604 583 1362 1013 1371 5410 Structural 278 | . . . . . 278 . . . . . . . . . . Seismic 326 | 39 287 . . . . . . . . . . . . . . T.N.C. 2549 | . 1603 706 . . . 240 . . . . . . . . . Jamming 1891 | . . . . . . 1891 . . . . . . . . . Robot Analysis Total 152 | . . . . . . 1 . . 151 . . . . . . Derelict Logs Recovered 14 | . . 3 . 1 . . . 2 . 3 . 2 2 1 . Drone Launches . | . . . . . . . . . . . . . . . . Drone Recoveries . | . . . . . . . . . . . . . . . . Exploration | -11 -10 -10 -10 -9 -8 -7 -7 -7 -7 -6 -6 -6 -6 -6 -6 ------------- Run | Yrd Mat Min Exi Min Mat Fac Low Low Dat Pro Fac Low Low Zio Dee Turns Passed 27382 | 122 1892 1858 2344 676 1588 2355 1135 1711 465 604 583 1404 1013 1654 7978 Spaces Moved 15341 | 86 888 860 1379 256 604 1210 453 692 164 309 307 1122 708 1362 4941 Core 53 | 12 . . . . . . . . . . . . . . 41 Treads 2406 | . . . . . . . 383 692 164 309 307 347 . . 204 Legs 53 | . . . . . . . . . . . . . . . 53 Wheels 9497 | 74 888 860 1379 256 604 1210 70 . . . . 184 708 1362 1902 Hover . | . . . . . . . . . . . . . . . . Flight 3332 | . . . . . . . . . . . . 591 . . 2741 Fastest Speed 50 | 50 95 200 80 230 185 140 150 228 156 156 156 50 120 120 50 Average Speed 142 | 94 174 208 158 230 210 159 216 228 226 185 164 95 122 120 98 Slowest Speed 308 | 100 200 215 230 230 230 230 308 228 232 236 236 243 123 120 236 Overloaded Moves . | . . . . . . . . . . . . . . . . Propulsion Burnouts . | . . . . . . . . . . . . . . . . Robots Hopped 1 | . . . . . . . . . . . . . . . 1 Potential Cave-ins . | . . . . . . . . . . . . . . . . Cave-ins Triggered . | . . . . . . . . . . . . . . . . Exploration Rate (%) 63 | 3 98 99 95 64 48 19 58 75 77 53 7 87 62 83 94 Regions Visited 15 Branch Regions 11 Pre-discovered Areas 34 | . . 1 1 1 . . . . 28 . . 1 . 2 . Known Exits Taken 9 | . . . . . . 1 1 1 1 1 1 1 1 1 . Unknown Exits Taken 6 | 1 1 1 1 1 1 . . . . . . . . . . Scrap Searched 28 | . . 2 . 1 . . 3 3 . 3 . 10 2 4 . Spaces Dug 24 | . . . . . . 6 7 . . . . 2 3 . 6 Terrain Destroyed 789 | . 52 . . 46 67 9 100 82 79 28 79 74 3 . 170 Melee 15 | . . . . . . . 7 . . . . 2 3 . 3 Projectile 25 | . . . . . . 8 1 1 . . . . . . 15 AOE 745 | . 52 . . 46 67 . 92 81 79 28 79 72 . . 149 Terrain Rammed . | . . . . . . . . . . . . . . . . Walls Destroyed . | . . . . . . . . . . . . . . . . Machines Disabled . | . . . . . . . . . . . . . . . . Actions | -11 -10 -10 -10 -9 -8 -7 -7 -7 -7 -6 -6 -6 -6 -6 -6 --------- Run | Yrd Mat Min Exi Min Mat Fac Low Low Dat Pro Fac Low Low Zio Dee Total 20046 | 118 1103 925 1508 328 806 1513 547 780 228 336 363 1427 854 1380 7830 Wait 3170 | 2 93 35 5 48 31 53 24 35 32 7 17 195 78 8 2507 Move 15324 | 85 887 859 1378 255 603 1209 452 691 163 308 306 1121 707 1361 4939 Hop 1 | . . . . . . . . . . . . . . . 1 Pick Up 249 | 11 26 10 33 5 23 35 4 2 4 7 6 28 9 2 44 Fast Attach 68 | 7 7 1 1 . 8 11 4 4 1 . . 4 1 1 18 Attach 85 | . 2 . 1 1 5 14 13 . 2 . 7 16 1 . 23 Detach 21 | . 1 . 1 . . 2 2 . 2 . 1 . . . 12 Swap 145 | 1 6 3 5 6 16 18 9 13 5 1 5 8 2 5 42 Drop 257 | 6 9 12 31 2 33 41 4 6 4 7 3 24 10 3 62 Fire 498 | 6 72 5 29 11 87 90 18 21 14 6 18 10 1 . 110 Melee 95 | . . . . . . . 17 8 1 . . 14 5 . 50 Ram . | . . . . . . . . . . . . . . . . Kick . | . . . . . . . . . . . . . . . . Crush . | . . . . . . . . . . . . . . . . Escape Stasis . | . . . . . . . . . . . . . . . . Rewire 72 | . . . 24 . . . . . . . . 7 40 . 1 Trap 61 | . . . . . . 40 . . . . . . . . 21 Miscellaneous . | . . . . . . . . . . . . . . . . Route ------- -11/Scrapyard -10/Materials (discovered 4 exits: [*Mat x3] / *Min) -10/Mines (discovered 4 exits: [*Mat x2] / *Exi / [*Sub]) -10/Exiles (discovered 2 exits: [*Min x2]) -9/Mines -8/Materials -7/Factory (discovered 2 exits: *Low x2) -7/Lower Caves -7/Lower Caves -7/Data Miner -6/Proximity Caves -6/Factory (discovered 4 exits: *Fac x2 / *Low x2) -6/Lower Caves -6/Lower Caves -6/Zion (discovered 2 exits: *Dee / [*Pro]) -6/Deep Caves (discovered 1 exit: *Pro) History --------- Turn | Location | Event 13 | -11/Scrapyard | Discovered new exit (range 15) 123 | -11/Scrapyard | Entered Materials 245 | -10/Materials | Discovered new exit (range 15) 313 | -10/Materials | Build established: Mutant 786 | -10/Materials | Lost 4 parts (1p1n2w) 1059 | -10/Materials | Build established: Scavenger-Mutant 1272 | -10/Materials | Discovered new exit (range 5) 1581 | -10/Materials | Discovered new exit (range 8) 1602 | -10/Materials | Core integrity fell below 50% 1750 | -10/Materials | Build established: Mutant 1833 | -10/Materials | Discovered new exit (range 5) 2015 | -10/Materials | Entered Mines 2016 | -10/Mines | Met a Derelict bent on vengeance 2075 | -10/Mines | Joined a pair of Derelicts in attacking an 0b10 outpost 2220 | -10/Mines | Met a Derelict shopkeep closing up shop 2287 | -10/Mines | Learned Materials garrison access intel 2299 | -10/Mines | Discovered new exit (range 5) 2689 | -10/Mines | Learned location of Zion (-6) 2717 | -10/Mines | Found a damaged Exp. Sensor Array with a note attached 2722 | -10/Mines | Found Prototype Device 2722 | -10/Mines | Identified Exp. Sensor Array 2808 | -10/Mines | Assisted by bots powering up and referring to "LRC-V3" 2810 | -10/Mines | Learned Materials terminal intel 2875 | -10/Mines | Found DCF Scrap (15 items) 3060 | -10/Mines | Discovered new exit (range 4) 3282 | -10/Mines | Deemed a non-threat by the Exiles lab entrance 3284 | -10/Mines | Discovered new exit (range 5) 3594 | -10/Mines | Discovered new exit (range 6) 3873 | -10/Mines | Entered Exiles 3873 | -10/Exiles | Found Exiles lab destroyed 3873 | -10/Exiles | Accompanied by 3 allies 4196 | -10/Exiles | Opened EX-Vault 4209 | -10/Exiles | Found Flying Fortress v7 4594 | -10/Exiles | Build established: Commander-Mutant 5339 | -10/Exiles | Discovered new exit (range 15) 6065 | -10/Exiles | Build established: Hauler-Mutant 6187 | -10/Exiles | Discovered new exit (range 12) 6217 | -10/Exiles | Entered Mines 6217 | -9/Mines | Accompanied by 5 allies 6474 | -9/Mines | Assembled infested the area 6476 | -9/Mines | Received a Rocket Launcher from a helpful Derelict 6479 | -9/Mines | Assisted by a Guerilla fighting off Assembled 6559 | -9/Mines | Lost 6 allies 6809 | -9/Mines | A weapon hastily lodged in a ceiling crevice suddenly fell to the ground 6865 | -9/Mines | Discovered new exit (range 9) 6893 | -9/Mines | Entered Materials 6893 | -8/Materials | Accompanied by 2 allies 6893 | -8/Materials | Evolved 4 slots: Propulsion x2, Utility x2 6894 | -8/Materials | Loaded intel: 12 terminal locations 6895 | -8/Materials | Loaded intel: 1 garrison access location 6898 | -8/Materials | Led the pair of lost Derelicts to an unsafe place 7507 | -8/Materials | Discovered new exit (range 14) 7912 | -8/Materials | Central database locked down 8481 | -8/Materials | Entered Factory 8481 | -7/Factory | Evolved 2 slots: Utility x2 8502 | -7/Factory | Identified exit to Lower Caves 9440 | -7/Factory | Lost 5 parts (1p2n1u1w) 9648 | -7/Factory | Fabricated Imp. Trap Extractor (x2) 10265 | -7/Factory | Central database locked down 10836 | -7/Factory | Entered Lower Caves 10976 | -7/Lower Caves | Ambushed by wild Derelicts 11003 | -7/Lower Caves | Core integrity fell below 50% 11036 | -7/Lower Caves | Lost 8 parts (1p3n2u2w) 11274 | -7/Lower Caves | Build established: Mutant 11725 | -7/Lower Caves | Discovered new exit (range 13) 11731 | -7/Lower Caves | Build established: Trapper-Mutant 11798 | -7/Lower Caves | Identified exit to Lower Caves 11971 | -7/Lower Caves | Entered another Lower Caves area 12211 | -7/Lower Caves | Learned location of 1 exit from Factory 13406 | -7/Lower Caves | Discovered new exit (range 8) 13673 | -7/Lower Caves | Identified exit to Data Miner 13682 | -7/Lower Caves | Entered Data Miner 13682 | -7/Data Miner | Discovered new exit (range 6) 13726 | -7/Data Miner | Met Data Miner 13751 | -7/Data Miner | Identified exit to Proximity Caves 13824 | -7/Data Miner | Learned location of Section 7 (-2) 13824 | -7/Data Miner | Acquired the access code to Warlord's prototype stash 13874 | -7/Data Miner | Received God Mode back door access code from Data Miner 13939 | -7/Data Miner | Destroyed Data Miner 13941 | -7/Data Miner | Interfaced with the Data Conduit 13948 | -7/Data Miner | Found Prototype Hackware 13955 | -7/Data Miner | Found Prototype Hackware 14147 | -7/Data Miner | Entered Proximity Caves 14150 | -6/Proximity Caves | Spotter reported a threat 14150 | -6/Proximity Caves | Spotter reported a threat 14199 | -6/Proximity Caves | Identified exit to Factory 14462 | -6/Proximity Caves | Learned Factory security intel 14751 | -6/Proximity Caves | Entered Factory 14751 | -6/Factory | Evolved 2 slots: Utility x2 14752 | -6/Factory | Identified exit to Factory 14753 | -6/Factory | Identified Deep Network Scanner 14754 | -6/Factory | Loaded intel: 272 machine locations 14754 | -6/Factory | Identified System Mapper 14890 | -6/Factory | Identified exit to Lower Caves 14890 | -6/Factory | Central database locked down 14998 | -6/Factory | Fabricated M-22 Extractor? 15094 | -6/Factory | Discovered exit to Factory (range 8) 15269 | -6/Factory | Build established: Hacker-Mutant 15334 | -6/Factory | Entered Lower Caves 15624 | -6/Lower Caves | Spotted B-75 Beast 15759 | -6/Lower Caves | Found DCF Scrap (15 items) 15785 | -6/Lower Caves | Learned 8 Factory zone layouts 15914 | -6/Lower Caves | Attracted the attention of an 0b10 outpost 15967 | -6/Lower Caves | Discovered new exit (range 10) 15971 | -6/Lower Caves | Identified exit to Lower Caves 15972 | -6/Lower Caves | Destroyed 8 combat bots 15992 | -6/Lower Caves | Lost 7 parts (1p2n2u2w) 16738 | -6/Lower Caves | Entered another Lower Caves area 16767 | -6/Lower Caves | Build established: Trapper-Mutant 16779 | -6/Lower Caves | Learned Factory security intel 16791 | -6/Lower Caves | Encountered a Warlord checkpoint 16844 | -6/Lower Caves | Learned location of 1 exit from Factory 16974 | -6/Lower Caves | Found DCF Scrap (12 items) 17370 | -6/Lower Caves | Attacked by a delusional Derelict stockpiling Unaware 17641 | -6/Lower Caves | Discovered new exit (range 12) 17689 | -6/Lower Caves | Identified exit to Zion 17751 | -6/Lower Caves | Entered Zion 17751 | -6/Zion | Accompanied by 2 allies 17836 | -6/Zion | System corruption cleaned by Quarantine Array 17945 | -6/Zion | Discovered new exit (range 16) 18253 | -6/Zion | Learned location of 1 exit from Lower Caves 18299 | -6/Zion | Acquired unknown access codes intercepted by a Zionite 18995 | -6/Zion | Found GAL Module 19250 | -6/Zion | Opened final containment barrier to the Deep Caves 19269 | -6/Zion | Discovered new exit (range 3) 19269 | -6/Zion | Saw the warning signs outside the Deep Caves entrance 19270 | -6/Zion | Identified exit to Deep Caves 19405 | -6/Zion | Entered Deep Caves 19405 | -6/Deep Caves | Accompanied by 2 allies 19728 | -6/Deep Caves | Attacked by Z-Imprinter 19741 | -6/Deep Caves | Allies destroyed Z-Imprinter 19928 | -6/Deep Caves | Build established: Scavenger-Mutant 20063 | -6/Deep Caves | Z-Facility disabled 20259 | -6/Deep Caves | Found Prototype Protection 20259 | -6/Deep Caves | Identified Zio. Heavy Carapace 20262 | -6/Deep Caves | Lost 6 parts (4n1u1w) 20274 | -6/Deep Caves | Found Prototype Protection 20274 | -6/Deep Caves | Identified Zio. Weapon Casing 20413 | -6/Deep Caves | Found Zio. Weapon Casing 20534 | -6/Deep Caves | Build established: Mutant 20901 | -6/Deep Caves | Discovered new exit (range 6) 20907 | -6/Deep Caves | Identified exit to Proximity Caves 20940 | -6/Deep Caves | Build established: Skirmisher 21070 | -6/Deep Caves | Spotted AG-75815 21428 | -6/Deep Caves | Spotted AG-23199 21432 | -6/Deep Caves | Build established: Derelict-Assassin 22084 | -6/Deep Caves | Build established: Mutant 22295 | -6/Deep Caves | Found GOLEM Unit 22335 | -6/Deep Caves | Exposed GOLEM chamber 22336 | -6/Deep Caves | Triggered Deep Caves wall 22336 | -6/Deep Caves | Spotted AS-02105 22381 | -6/Deep Caves | Spotted AS-69788 22385 | -6/Deep Caves | Destroyed AS-02105 22408 | -6/Deep Caves | Destroyed 37 combat bots 22455 | -6/Deep Caves | Destroyed AS-69788 22483 | -6/Deep Caves | Lost 3 parts (3u) 22766 | -6/Deep Caves | Spotted AG-01114 22898 | -6/Deep Caves | Core integrity fell below 50% 22919 | -6/Deep Caves | Destroyed AG-01114 22978 | -6/Deep Caves | Found Zio. Weapon Casing 22986 | -6/Deep Caves | Found Zio. Weapon Casing 23235 | -6/Deep Caves | Build established: Scout 24204 | -6/Deep Caves | Lost 3 parts (1n2u) 25030 | -6/Deep Caves | Build established: Scavenger-Golem 27259 | -6/Deep Caves | Core integrity fell below 20% 27383 | -6/Deep Caves | Destroyed by AG-23199 with Assembled Focal Cannon Last Messages --------------- 27339_ Extracted 3 energy. 27341_ Extracted 167 energy. 27347_ Zio. Light Carapace destroyed. 27348_ GOLEM Unit beginning Asb. Nanovents integration. 27349_ Asb. Nanovents integration complete. 27349_ Destroyed Asb. Alloy Armor. 27350_ AG-23199 misfires. 27359_ Asb. Focal Cannon destroyed. 27360_ GOLEM Unit beginning Asb. Focal Cannon integration. 27361_ Destroyed Prototype Device. 27362_ AG-23199 misfires. 27363_ Acquired Zio. Biocell. 27364_ Dropped Zio. Biocell. 27365_ Extracted 600 energy. 27367_ Destroyed Prototype Device. 27374_ Wheel destroyed. 27377_ Asb. Alloy Armor destroyed. 27380_ Wheel destroyed. Map ----- +----------------------------------------------------+ | | | | | | | | | | | | | | | | | | | | | | | ?????????????????????????????????????????????????? | | ?????????????????????????????????####????????????? | | ????????????????????????????????## ##???????????? | | ???????????????????????########## ######??????? | | ???????????????????????# # # # #??????? | | ???????????????????????# ## ##?????? | | ???????????????????????# # #### ##????# | | #???????????####???????# ### ##??## | | #??????????## ###???### ### #### | | #??????????# = "#???# ;#### ### | | #??????????#! #???# ### # ## | | #??????????# ##### ;# ## | | #####??????# ;##;;# #?# # | | #?????## # ; ##?#?### | | #??????## #* G @ ##??????## ### | | #???????#; ;;;;; ##????????# ## | | ##??????## # ##### ;##?????????# ## | | #?????## #??????# #### #?????####?# | | ###????#; #??????# ##?????????## ####### | | # ###### ##??????# #?????###### #????# | | # ##""# ##??????# #????## ####### | | ! "# "## ##?????# #???## | | ""## "### ##????# #???# ## ######## | | "########## #????# #??## #########???## | | #??????#" #????# #?## ##### ##?## | | "##?###### ##????# #?# # # ### | | "#?## ##?????# #?# | | "?# ###??????# #?## | | #?# # #????????# #??## ## | | #?## ## #???####?# #???### ### | | #??####### #??## ### #?????## ##?# | | ###??????# #### ## #??????# # "" ###?## | | " #??????# ## #??????#### ###?## | | / "##?????## #############?## ###??## | | ##??### ##?### # !>#?## ##??# | | ##?#" #?#! !!|& ### ##?## | | "### #?# !!=##### ##?## | | ### ##?## ###?## #??# | | ! # ##???# ##### #??# | +----------------------------------------------------+ Best States ------------- Heat Dissipation 67 Energy Generation 27 Energy Capacity 1100 Matter Stores 450 Matter Capacity 450 Sight Range 20 Robot Scan Range 20 Terrain Scan Density 10 Jamming Range 12 Armor Coverage 1600 Resistance: KI 20 Resistance: TH 15 Resistance: EX 15 Resistance: EM 15 Resistance: I 15 Resistance: S 15 Resistance: P 15 Core Shielding 20 Propulsion Shielding 66 Utility Shielding 33 Weapon Shielding 100 Phase Shifting 5 Evasion (%) 75 Targeting Accuracy 8 Launcher Accuracy 20 Recoil Reduction 4 Matter Filtering 30 Offensive Hacking 56 Defensive Hacking 21 Trap Extractor Capacity 6 Item Schematics ----------------- Mak. Hacking Suite | -8/Materials | Scanalyzed System Shield | -8/Materials | Hacked Imp. Trap Extractor | -7/Factory | Hacked Combat Drone Bay | -7/Data Miner | Free Lgt. Regenerative Plating | -7/Data Miner | Free Cld. Cesium-ion Thruster | -7/Data Miner | Free Gravity Neutralizer | -7/Data Miner | Free Imp. Heavy Laser | -7/Data Miner | Free Cmb. Gravmag System | -7/Data Miner | Free Adv. Field Recycling Unit | -7/Data Miner | Free Imp. Plasma Cutter | -7/Data Miner | Free Tesla Rifle | -6/Zion | Archive Arm. Leg | -6/Zion | Archive Impulse Thruster | -6/Zion | Archive HERF Cannon | -6/Zion | Archive Magnetic Acceleration Cannon | -6/Zion | Archive Imp. Weapon Cycler | -6/Zion | Archive EM Shield | -6/Zion | Archive Imp. Component Analysis Suite | -6/Zion | Archive Coil Gun | -6/Zion | Archive Hyp. Gauss Cannon | -6/Zion | Archive Imp. Particle Charger | -6/Zion | Archive Imp. Focal Shield | -6/Zion | Archive Thermal Shield | -6/Zion | Archive Adv. Cooling System | -6/Zion | Archive Robot Schematics ------------------ G-47 Trooper | -7/Data Miner | Free B-48 Gladiator | -7/Data Miner | Free E-15 Imp | -7/Data Miner | Free M-22 Extractor | -7/Data Miner | Free B-60 Warrior | -7/Data Miner | Free Y-54 Guardian | -7/Data Miner | Free O-24 Administrator | -6/Factory | Hacked G-50 Soldier | -6/Zion | Archive Fabricated ------------ Imp. Trap Extractor | x2 | -7/Factory | Preloaded Repaired ---------- Nothing Alien Tech Used ----------------- None Achievements -------------- None Challenges ------------ None Game ------ Seed EfficiencyMakeshiftMask Manual? 0 Play Time 03:33:11 Cumulative 301.4 hours Start 2025.06.24 @ 17:47:38 End 2025.06.26 @ 19:32:17 Sessions 3 Manual Loads 0 Difficulty Rogue Special Mode None Game No. 265 Rogue 265 Adventurer 0 Explorer 0 Win Type - Total 2 Types 1/1/0/0/0/0/0/0/0/0 Lore% 77 Gallery% 80 Achievement% 72 Wizard Run 0 Options --------- Layout 1 ASCII 0 Keyboard 0 Movement Numpad Keybinds 0 Fullscreen 1 Font 24/Smallcaps Map View 50x35 Zoom Use 0% Tactical HUD 1 Map Filters NONE Filters NONE Steam 1 RUN: 4f1caeda-082e-4a54-9d11-74d079d34481